 Seeded DCSS version 0.28.0-43-g3370ac3207 (webtiles) character file.

Game seed: 12045883725328710689 (custom seed)

914 Pinkishskies the Cudgeller (level 7, -6/62 HPs)
             Began as a Minotaur Fighter on Mar 8, 2022.
             Mangled by a gnoll
             ... wielding a +0 halberd
              (7 damage)
             ... on level 5 of the Dungeon.
             The game lasted 00:13:51 (3789 turns).

Pinkishskies the Cudgeller (Minotaur Fighter)       Turns: 3789, Time: 00:13:51

Health: -6/62      AC: 10    Str: 28    XL:     7   Next: 82%
Magic:  6/6        EV: 11    Int:  5    God:
Gold:   130        SH:  5    Dex: 10    Spells: 6/6 levels left

rFire   . . .      SeeInvis .   o - +3 mace
rCold   . . .      Faith    .   c - +0 buckler
rNeg    . . .      Spirit   .   l - +3 ring mail {rPois}
rPois   +          Reflect  .   (helmet restricted)
rElec   .          Harm     .   n - +0 cloak
rCorr   .          Rampage  .   (no gloves)
Will    .....                   (no boots)
Stlth   +.........              m - amulet of the acrobat
HPRegen 0.20/turn               j - +6 ring of strength
MPRegen 0.10/turn               (no ring)

@: no status effects
A: horns 2, retaliatory headbutt
a: no special abilities


You were on level 5 of the Dungeon.
You visited 1 branch of the dungeon, and saw 5 of its levels.

You collected 130 gold pieces.

Inventory:

Hand Weapons
 a - a +0 flail
 d - a +2 quarterstaff of chaos
 k - a +0 flail of protection
 o - a +3 mace (weapon)
 v - a +0 club
Armour
 b - a +0 scale mail
 c - a +0 buckler (worn)
 l - a +3 ring mail of poison resistance (worn)
 n - a +0 cloak (worn)
Magical Staves
 u - a staff of death
Jewellery
 f - a ring of fire
 j - a +6 ring of strength (left hand)
 m - an amulet of the acrobat (around neck)
Scrolls
 e - a scroll of teleportation {unknown}
 g - 2 scrolls of fear {unknown}
 h - a scroll of holy word {unknown}
 i - a scroll of brand weapon {unknown}
 p - a scroll of silence {unknown}
 s - a scroll of noise {unknown}
 t - a scroll of amnesia {unknown}
Potions
 q - a potion of heal wounds {unknown}
 r - 2 potions of curing {unknown}
 w - a potion of brilliance {unknown}


   Skills:
 + Level 5.7 Fighting
 + Level 7.1 Maces & Flails
 + Level 5.8 Armour
 + Level 3.3 Dodging
 + Level 0.5 Stealth
 + Level 4.9 Shields


You had 6 spell levels left.
You didn't know any spells.
Your spell library contained the following spells:

 Spells                   Type           Power      Damage    Failure   Level
 Sandblast                Erth           0%         2d4       69%         1
 Passwall                 Tmut/Erth      0%         N/A       83%         2
 Stone Arrow              Conj/Erth      0%         3d7       96%         3
 Summon Forest            Summ/Tloc      0%         N/A       100%        5
 Eringya's Noxious Bog    Tmut/Pois      0%         N/A       100%        6
 Summon Hydra             Summ           0%         N/A       100%        7


Dungeon Overview and Level Annotations

Branches:
Dungeon (5/15)
 Temple: D:4-7

Altars:
Gozag
Okawaru
Yredelemnul

Annotations:
D:4 Grinder


Innate Abilities, Weirdness & Mutations

You have a pair of horns on your head.
You reflexively headbutt those who attack you in melee.


Message History

You hit the gnoll sergeant.
The gnoll sergeant is moderately wounded.
The gnoll hits you but does no damage.
The gnoll sergeant hits you with a +0 spear.
You hit the gnoll sergeant.
Your headbutt misses the gnoll sergeant.
The gnoll sergeant is heavily wounded.
The gnoll closely misses you.
The gnoll sergeant hits you but does no damage.
You barely miss the gnoll sergeant.
The gnoll sergeant is heavily wounded.
The gnoll hits you but does no damage.
The gnoll sergeant hits you with a +0 spear.
You barely miss the gnoll sergeant.
You headbutt the gnoll sergeant, but do no damage.
The gnoll sergeant is heavily wounded.
The gnoll hits you but does no damage.
The gnoll sergeant hits you with a +0 spear.
You sock the gnoll sergeant! You headbutt the gnoll sergeant.
You kill the gnoll sergeant!
The gnoll hits you from afar with a +0 halberd.
The gnoll barely misses you.
You closely miss the gnoll.
The gnoll is severely wounded.
The gnoll hits you from afar with a +0 halberd!
The gnoll hits you but does no damage. The gnoll misses you.
You hit the gnoll but do no damage. The gnoll closely misses you.
The gnoll hits you but does no damage.
You hit the gnoll.
The gnoll is heavily wounded.
The gnoll hits you from afar with a +0 halberd!
* * * LOW HITPOINT WARNING * * *
You block the gnoll's attack. The gnoll barely misses you.
You furiously retaliate!
You headbutt the gnoll.
The gnoll hits you from afar with a +0 halberd!
* * * LOW HITPOINT WARNING * * *
You closely miss the gnoll.
The gnoll is severely wounded.
The gnoll hits you from afar with a +0 halberd!
You die...

#########
......gg# #g#
#@################
#...........†<....
####.######.######
#.# #.# # #.# #.#
# #.# #.# # ..#
#.# # ### #.# #
#.# ####


You could see 3 gnolls.

Vanquished Creatures
  An ice beast (D:5)
  A sky beast (D:3)
  A black bear (D:4)
  An ogre (D:5)
  Blork the orc (D:4)
  A gnoll sergeant (D:5)
  An orc priest (D:3)
  A hound (D:5)
  Crazy Yiuf (D:3)
  A centaur skeleton (D:5)
  Terence (D:2)
  2 iguanas
  An orc wizard (D:4)
  A hound skeleton (D:5)
  Robin (D:3)
  A gnoll (D:5)
  4 adders
  An ufetubus (D:3)
  2 worms (D:2)
  3 dart slugs
  7 orcs
  9 ball pythons
  9 endoplasms
  6 giant cockroaches
  19 goblins
  13 hobgoblins
  3 jackals (D:1)
  3 quokkas
  6 bats
  3 frilled lizards (D:2)
  10 kobolds
  5 rats
120 creatures vanquished.

Vanquished Creatures (others)
  A demonic plant (D:3)
  4 fungi (D:3)
  3 plants (D:3)
8 creatures vanquished.

Grand Total: 128 creatures vanquished

Notes
Turn   | Place    | Note
-------+----------+-------------------------------------------
     0 | D:1      | Pinkishskies the Minotaur Fighter began the quest for the
                  | Orb.
     0 | D:1      | Reached XP level 1. HP: 19/19 MP: 0/0
   206 | D:1      | Reached XP level 2. HP: 27/27 MP: 1/1
   782 | D:1      | Reached XP level 3. HP: 33/33 MP: 2/2
  1205 | D:2      | Reached skill level 3 in Maces & Flails
  1427 | D:2      | Noticed Terence
  1434 | D:2      | Killed Terence
  1435 | D:2      | Reached XP level 4. HP: 40/40 MP: 3/3
  1577 | D:2      | Reached skill level 4 in Maces & Flails
  1745 | D:3      | Found a faded altar of an unknown god.
  1762 | D:3      | Reached skill level 5 in Fighting
  1762 | D:3      | Reached XP level 5. HP: 46/48 MP: 4/4
  1802 | D:3      | Noticed Robin
  1820 | D:3      | Killed Robin
  1889 | D:3      | Found an iron altar of Okawaru.
  1914 | D:3      | Found an opulent altar of Gozag.
  2004 | D:3      | Noticed a sky beast
  2030 | D:3      | Killed a sky beast
  2031 | D:3      | Reached skill level 5 in Maces & Flails
  2031 | D:3      | Reached skill level 1 in Dodging
  2031 | D:3      | Reached XP level 6. HP: 47/56 MP: 5/5
  2123 | D:3      | Found a runed translucent door.
  2124 | D:3      | Noticed Crazy Yiuf
  2130 | D:3      | Killed Crazy Yiuf
  2372 | D:3      | Found a basalt altar of Yredelemnul.
  3095 | D:4      | Reached skill level 5 in Armour
  3250 | D:4      | Noticed Blork the orc
  3256 | D:4      | Killed Blork the orc
  3257 | D:4      | Reached skill level 6 in Maces & Flails
  3257 | D:4      | Reached XP level 7. HP: 53/61 MP: 6/6
  3275 | D:4      | Noticed Grinder
  3278 | D:4      | Paralysed by Grinder for 2 turns
  3528 | D:5      | Entered Level 5 of the Dungeon
  3769 | D:5      | Reached skill level 7 in Maces & Flails
  3788 | D:5      | HP: 1/62 [gnoll/+0 halberd (12)]
  3789 | D:5      | Mangled by a gnoll

Illustrated notes

Levels and vault maps discovered:
D:1:      dpeg_arrival_windows_large_door, layout_loops_cross,
          chequers_serial_rivers_small_b
D:2:      minmay_diamond_boxcup, layout_rooms, grunt_ministairs_8, uniq_terence
D:3:      layout_basic, nicolae_gozag_seed_capital, okawaru_ov_weapons_minmay,
          lemuel_coloured_pillars_altar, shapermc_ecumenical_altar_gd,
          uniq_robin, uniq_crazy_yiuf_cottage
D:4:      layout_rooms, uniq_blork_the_orc, uniq_grinder
D:5:      layout_loops_ring

Skill      XL: |  1  2  3  4  5  6  7 |
---------------+----------------------+-----
Armour         | 4 5 |  5.8
Fighting       | 4 5 |  5.7
Shields        | 4 |  4.9
Maces & Flails | 3 4 5 6 7 |  7.1
Dodging        | 1 2 3 |  3.3
Stealth        | |  0.5

Action                   |  1- 3 |  4- 6 |  7- 9 || total
-------------------------+-------+-------+-------++-------
Melee: Flail             |    99 |    92 |       ||   191
       Headbutt          |    10 |    14 |    13 ||    37
       Mace              |       |    34 |    57 ||    91
  Use: Potion            |     1 |     1 |       ||     2
Armor: Scale mail        |    43 |       |       ||    43
       Ring mail         |       |    61 |    26 ||    87
Dodge: Dodged            |    43 |    82 |    46 ||   171
Block: Buckler           |    18 |    24 |    24 ||    66
